 Dungeon Crawl Stone Soup version 0.31.0-11-ge490571c62 (webtiles) character file.

Game seed: 12020351871258016173

346 qw the Shooter (level 6, -3/30 HPs)
             Began as a Spriggan Hunter on Feb 5, 2024.
             Engulfed by a steam dragon's steam (8 damage)
             ... on level 4 of the Dungeon.
             The game lasted 00:01:10 (2694 turns).

qw the Shooter (Spriggan Hunter)                    Turns: 2694, Time: 00:01:11

Health: -3/30      AC:  7    Str:  7    XL:     6   Next: 32%
Magic:  7/7        EV: 22    Int: 11    God:
Gold:   214        SH:  0    Dex: 23    Spells: 5/5 levels left

rFire   . . .        a - +1 shortbow
rCold   . . .        (shield currently unavailable)
rNeg    . . .        d - +1 robe of Incorporation {+Inv Dex+3}
rPois   .            (helmet restricted)
rElec   .            (no cloak)
rCorr   .            (gloves unavailable)
SInv    +            (boots unavailable)
Will    +....        (no amulet)
Stlth   ++           e - +4 ring of protection
HPRegen 0.25/turn    (no ring)
MPRegen 0.10/turn

%: no passive effects
@: very quick
A: very small, no large weapons, unfitting armour, see invisible, speed 3
a: Evoke Invisibility


You were on level 4 of the Dungeon.
You visited 1 branch of the dungeon, and saw 4 of its levels.

You collected 214 gold pieces.


Innate Abilities, Weirdness & Mutations

You are very small and have problems with some larger weapons.
You are too small for most types of armour.
You have supernaturally acute eyesight. (SInv)
You cover ground extremely quickly. (Speed+++)


   Skills:
 - Level 2.0 Fighting
 - Level 6.2 Ranged Weapons
 + Level 6.1 Dodging
 - Level 1.5 Stealth


You had 5 spell levels left.
You didn't know any spells.
Your spell library was empty.

Inventory:

Hand Weapons
 a - a +1 shortbow (weapon)
Armour
 d - the +1 robe of Incorporation (worn) {+Inv Dex+3}
   (You found it on level 3 of the Dungeon)

   Dex+3:     It affects your dexterity (+3).
   +Inv:      It lets you turn invisible.
Jewellery
 e - a +4 ring of protection (left hand)
Scrolls
 b - a scroll of identify
 c - a scroll of revelation {unknown}
Potions
 h - a potion of mutation
 j - a potion of curing {unknown}

Dungeon Overview and Level Annotations

Branches:
Dungeon (4/15)
 Temple: D:4-7

Altars:
Ashenzari
Hepliaklqana
Makhleb
Nemelex Xobeh


Message History

The kobold misses you.
You shoot an arrow.
The arrow hits the kobold but does no damage.
The kobold is severely wounded.
The kobold hits you but does no damage.
You shoot an arrow. The arrow hits the kobold!
You kill the kobold!
You start resting.
A steam dragon comes into view.
2670 ||| FLEEEEING.
You start resting.
HP restored.
c - a scroll labelled JYUDGH BONI
Things that are here:
a +0 short sword; a kobold corpse You now have 214 gold pieces (gained 11).
Items here: % )) [.
A steam dragon is nearby!
You shoot an arrow. The steam dragon hisses angrily.
The arrow hits the steam dragon!
The steam dragon is moderately wounded.
The steam dragon breathes steam at you. The ball of steam hits you!
You shoot an arrow.
The arrow hits the steam dragon but does no damage.
The steam dragon is moderately wounded.
You are engulfed in a cloud of scalding steam.
Ouch! That really hurt!
The steam dragon completely misses you. The steam dragon barely misses you.
You shoot an arrow. The arrow hits the steam dragon.
The steam dragon is moderately wounded.
You are engulfed in a cloud of scalding steam.
The steam dragon closely misses you.
The steam dragon claws you but does no damage.
You shoot an arrow.
The arrow hits the steam dragon but does no damage.
The steam dragon is moderately wounded.
You are engulfed in a cloud of scalding steam.
You die...

....... .|..... #####.# .# #. #.
.#.#.#.# .....#.#.#.# #.#.#.#
#.#.#.#. #####.#.#.#.# #.#.#.#
.#.#.#.# # #.#.#.#.#.# #.#.#.#.
#.#.#.#. # ##.#.#.#.#.#.#.#.#.#
#.#.#.# # #.#.#.#.#.#¤#.#.#.#
.#.#.#. # ##.#.#.#.#.#¤#)#.#
#.#.#.# # #.#.#.#.#.#.#@#.#
.#.#.#. ##.#.#.#.#.#)#D# #.#.#.#
#.#.#.#.#.#)#.#.# .#.#.#.
##.#.#.#.#)#.#.#.# .#.#.#.#
#.#.#.#.#.#.#.#.#.# .#.#.#.#.
###.##.#.#.#.#.#.#.#.#.#?#.#.#.#
#.._..#.#.#.#.#.#.#.#.#.#.#.#.#.
#.#.##.#.#.#.#.#.#.#.#.#.#.#.#.#
#...#.#.#.#.#.#.#.#.#.#.#.#.#.#.


You could see a steam dragon.

Vanquished Creatures
  An orc priest (D:4)
  A gnoll bouda (D:4)
  3 iron imps (D:3)
  11 adders
  3 gnolls (D:4)
  A ribbon worm (D:2)
  2 orcs
  9 ball pythons
  2 bats
  8 endoplasms
  2 giant cockroaches
  6 goblins
  4 hobgoblins
  3 quokkas
  4 frilled lizards
  15 kobolds
  3 rats
78 creatures vanquished.

Notes
Turn   | Place    | Note
-------+----------+-------------------------------------------
     0 | D:1      | qw the Spriggan Hunter began the quest for the Orb.
     0 | D:1      | Reached XP level 1. HP: 10/10 MP: 2/2
     0 | D:1      | 0 ||| qw: Version: 0.3-a-160-g6735b56
     0 | D:1      | 0 ||| qw: Game counter: 6424
     0 | D:1      | 0 ||| qw: Melee chars always use a shield: true
     0 | D:1      | 0 ||| qw: God list: Okawaru
     0 | D:1      | 0 ||| qw: Allow faded altars: false
     0 | D:1      | 0 ||| qw: Do Orc after clearing Dungeon:15 true
     0 | D:1      | 0 ||| qw: Do second Lair branch before Depths: true
     0 | D:1      | 0 ||| qw: Lair rune preference: random
     0 | D:1      | 0 ||| qw: Goals: Normal
     0 | D:1      | 0 ||| PLANNING D:1-11
    15 | D:1      | Reached skill level 3 in Dodging
   229 | D:1      | Reached XP level 2. HP: 14/14 MP: 3/3
   788 | D:1      | 788 ||| READING scroll labelled QEETEIPP YFRU.
   788 | D:1      | 788 ||| IDENTIFYING scroll labelled LAJEUS MUASCHOS
   789 | D:1      | 789 ||| DROPPING scroll of butterflies.
   790 | D:1      | 790 ||| DROPPING scroll of vulnerability.
   895 | D:2      | Reached XP level 3. HP: 18/18 MP: 4/4
   949 | D:2      | Found a faded altar of an unknown god.
  1047 | D:2      | HP: 4/18 [ribbon worm (6)]
  1049 | D:2      | Reached XP level 4. HP: 5/22 MP: 5/5
  1547 | D:2      | 1547 ||| READING scroll of identify.
  1547 | D:2      | 1547 ||| IDENTIFYING amethyst potion
  1548 | D:2      | 1548 ||| READING 2 scrolls labelled UMUVYCOJAD.
  1549 | D:2      | 1549 ||| READING scroll labelled IDALEE YMIQ.
  1550 | D:2      | 1550 ||| READING scroll labelled GESCHE XIDUEG.
  1550 | D:2      | 1550 ||| ENCHANTING +0 shortbow.
  1551 | D:2      | 1551 ||| READING scroll labelled MUBAGO AFINOD.
  1552 | D:2      | 1552 ||| READING scroll labelled DUSKEA XILY.
  1552 | D:2      | 1552 ||| ENCHANTING +1 shortbow.
  1553 | D:2      | 1553 ||| DROPPING scroll of blinking.
  1659 | D:3      | Identified the +1 robe of Incorporation {+Inv Dex+3}
  1759 | D:3      | Reached XP level 5. HP: 23/26 MP: 6/6
  2269 | D:3      | Found a sparkling altar of Nemelex Xobeh.
  2334 | D:3      | Found a burning altar of Makhleb.
  2358 | D:3      | Reached skill level 6 in Ranged Weapons
  2375 | D:3      | 2375 ||| UPGRADING to +1 robe of Incorporation {+Inv
                  | Dex+3}.
  2385 | D:3      | 2385 ||| DROPPING +0 robe.
  2386 | D:3      | 2386 ||| DROPPING ring of magical power.
  2387 | D:3      | 2387 ||| UPGRADING to +4 ring of protection.
  2388 | D:3      | 2388 ||| DRINKING 2 red potions.
  2389 | D:3      | 2389 ||| DROPPING potion of attraction.
  2516 | D:4      | Found a hazy altar of Hepliaklqana.
  2541 | D:4      | 2541 ||| FLEEEEING.
  2542 | D:4      | 2542 ||| FLEEEEING.
  2544 | D:4      | 2544 ||| FLEEEEING.
  2545 | D:4      | 2545 ||| FLEEEEING.
  2547 | D:4      | 2547 ||| FLEEEEING.
  2548 | D:4      | 2548 ||| FLEEEEING.
  2549 | D:4      | 2549 ||| FLEEEEING.
  2551 | D:4      | 2551 ||| FLEEEEING.
  2552 | D:4      | 2552 ||| FLEEEEING.
  2553 | D:4      | 2553 ||| FLEEEEING.
  2555 | D:4      | 2555 ||| FLEEEEING.
  2556 | D:4      | 2556 ||| FLEEEEING.
  2558 | D:4      | 2558 ||| FLEEEEING.
  2559 | D:4      | 2559 ||| FLEEEEING.
  2560 | D:4      | 2560 ||| FLEEEEING.
  2562 | D:4      | 2562 ||| FLEEEEING.
  2563 | D:4      | 2563 ||| FLEEEEING.
  2565 | D:4      | 2565 ||| FLEEEEING.
  2566 | D:4      | 2566 ||| FLEEEEING.
  2577 | D:4      | Reached XP level 6. HP: 26/30 MP: 7/7
  2596 | D:4      | Found a broken altar of Ashenzari.
  2624 | D:4      | Reached skill level 6 in Dodging
  2630 | D:4      | 2630 ||| FLEEEEING.
  2632 | D:4      | 2632 ||| FLEEEEING.
  2669 | D:4      | Noticed a steam dragon
  2670 | D:4      | 2670 ||| FLEEEEING.
  2692 | D:4      | HP: 5/30 [steam dragon] (16)]
  2694 | D:4      | Engulfed by a steam dragon's steam

Levels and vault maps discovered:
D:1:      dpeg_arrival_morbid_curiosity, layout_loops_ring,
          palyth_stone_intersect
D:2:      layout_rooms, hellmonk_ecumenical_altar_arch_garden,
          nrook_mini_backslash, minmay_snake_closets
D:3:      layout_basic, demons_altar, nemelex_spade_bored_becter
D:4:      layout_basic, tgw_sif, mainiacjoe_overflow_catwalk, lemuel_tele_altar,
          lemuel_crystal_altar, uniq_eustachio

Skill      XL: |  1  2  3  4  5  6 |
---------------+-------------------+-----
Dodging        | 3 4 5 6 |  6.1
Ranged Weapons | 5 6 |  6.2
Fighting       | 2 |  2.0
Stealth        | |  1.5

Action                     |  1- 3 |  4- 6 || total
---------------------------+-------+-------++-------
   Fire: Shortbow          |   100 |   153 ||   253
    Use: Scroll            |     1 |     6 ||     7
         Potion            |       |     1 ||     1
 Armour: Robe              |     5 |    17 ||    22
  Dodge: Dodged            |    17 |    44 ||    61

Table legend:
 A = Non-vault XP
 B = Vault XP
 C = Vault XP percentage of total XP
 D = Non-vault monster count
 E = Vault monster count
 F = Vault count percentage of total count
                 A         B        C        D         E       F
            +---------+---------+-------+---------+---------+-------
      Total |     291 |     204 |  41.2 |      61 |      17 |  21.8
            +---------+---------+-------+---------+---------+-------
        D:1 |      23 |       9 |  28.1 |      16 |       5 |  23.8
        D:2 |      76 |      72 |  48.6 |      23 |       9 |  28.1
        D:3 |      53 |     123 |  69.9 |      11 |       3 |  21.4
        D:4 |     139 |       0 |   0.0 |      11 |       0 |   0.0
            +---------+---------+-------+---------+---------+-------
